 Dungeon Crawl Stone Soup version 0.31-a0-358-gac0dbeb3ab (webtiles) character file.

Game seed: 7855945158767793475

489 zero the Thaumaturge (level 6, -1/32 HPs)
             Began as a Deep Elf Ice Elementalist on July 25, 2023.
             Slain by an orc
             ... wielding a +0 mace
              (4 damage)
             ... on level 4 of the Dungeon.
             The game lasted 00:03:35 (3791 turns).

zero the Thaumaturge (Deep Elf Ice Elementalist)    Turns: 3791, Time: 00:03:36

Health: -1/32      AC:  2    Str:  5    XL:     6   Next: 90%
Magic:  17/19      EV: 12    Int: 22    God:
Gold:   268        SH:  0    Dex: 15    Spells: 6/22 levels left

rFire   . . .        h - +0 dagger (venom)
rCold   . . .        (no shield)
rNeg    . . .        a - +0 robe
rPois   .            (no helmet)
rElec   .            (no cloak)
rCorr   .            (no gloves)
SInv    .            (no boots)
Will    .....        m - amulet of magic regeneration
Stlth   +++          (no ring)
HPRegen 0.25/turn    (no ring)
MPRegen 0.56/turn

%: no passive effects
@: freezing walls
A: no striking features
a: no special abilities


You were on level 4 of the Dungeon.
You visited 1 branch of the dungeon, and saw 4 of its levels.

You collected 268 gold pieces.

Inventory:

Hand Weapons
 h - a +0 dagger of venom (weapon)
Missiles
 p - 3 throwing nets
Armour
 a - a +0 robe (worn)
Jewellery
 m - an amulet of magic regeneration (around neck)
 o - a ring of ice
Scrolls
 k - a scroll of amnesia
Potions
 b - a potion of magic
 d - a potion of curing {unknown}
 f - a potion of attraction {unknown}
 i - a potion of lignification {unknown}
 j - 2 potions of resistance
 l - a potion of mutation
 n - a potion of degeneration {unknown}
 r - a potion of invisibility {unknown}


   Skills:
 + Level 2.5 Dodging
 - Level 5.0 Stealth
 + Level 8.7 Spellcasting
 + Level 0.3 Conjurations
 + Level 0.2 Summonings
 + Level 4.4 Ice Magic
 + Level 0.1 Earth Magic


You had 6 spell levels left.
You knew the following spells:

 Your Spells              Type           Power      Damage    Failure   Level
a - Freeze                Ice            100%       1d10      1%          1
b - Frozen Ramparts       Ice            58%        1d9       3%          3
c - Summon Ice Beast      Ice/Summ       19%        N/A       26%         4
d - Freezing Cloud        Conj/Ice/Air   8%         6-21      69%         5
e - Stone Arrow           Conj/Erth      20%        3d8       19%         3

Your spell library contained the following spells:

 Spells                   Type           Power      Damage    Failure   Level
 Ozocubu's Armour         Ice            29%        N/A       3%          3
 Sandblast                Erth           20%        2d7       6%          1
 Passwall                 Tmut/Erth      8%         N/A       10%         2
 Poisonous Vapours        Pois/Air       18%        N/A       11%         2
 Mephitic Cloud           Conj/Pois/Air  10%        N/A       21%         3


Dungeon Overview and Level Annotations

Branches:
Dungeon (4/15)
 Temple: D:4-7

Altars:

Annotations:
D:2 1 runed translucent door, Crazy Yiuf
D:4 Menkaure


Message History

The hound barely misses you. The hound closely misses you.
An orc comes into view. It is wielding a +0 falchion.
You freeze the hound!
You kill the hound!
You can't see any susceptible monsters within range! (Use Z to cast anyway.)
You can't see any susceptible monsters within range! (Use Z to cast anyway.)
An orc comes into view. It is wielding a +0 flail.
You see here a hound corpse. 2 orcs come into view.
Found 9 gold pieces.
The orc misses you.
The orc moves out of view.
You closely miss the orc. The orc barely misses you.
You freeze the orc!
The orc is almost dead.
The orc shouts! x2
The orc hits you with a +0 falchion. The orc misses you.
You hit the orc.
You kill the orc!
The orc hits you with a +0 flail!
You are too injured to fight recklessly!
You are too injured to fight recklessly!
The orc hits you with a +0 flail! The orc barely misses you.
As you open the door, it creaks loudly! The orc hits you with a +0 flail.
The orc misses you. The orc closely misses you.
The orc hits you with a +0 flail!
* * * LOW HITPOINT WARNING * * *
There is an open door here.
Casting: Freeze (safe; 1% risk of failure)
Confirm with . or Enter, or press ? or * to list all spells.
Casting: Frozen Ramparts (dangerous; 3% risk of failure)
Press: ? - help, Dir - look around, f - activate An open door.
The walls around you are covered in ice.
The wall freezes the orc!
You kill the orc!
The wall freezes the orc.
The orc closely misses you.
The wall freezes the orc.
The orc closely misses you.
You barely miss the orc.
The orc is severely wounded.
The wall freezes the orc.
The orc hits you with a +0 mace.
You die...

..# ..+ +.........$..##...
#... ............. #....
............ #....
......... #.... #.......
##....##.....# #..
.......#o)...## ##..
.......@o.....# #...
.......#o.†...# #...
#########......# #...
#......##......# +...
#.............##########..
#.............##......##<.
#..............#.......#..
#..............#.......#..
#......#########.......+..


You could see 3 orcs.

Vanquished Creatures
  A black bear (D:4)
  3 hounds (D:4)
  2 orc priests (D:3)
  Jessica (D:3)
  An iguana (D:4)
  8 gnolls
  3 adders
  4 dart slugs
  11 orcs
  5 ball pythons
  6 endoplasms
  2 giant cockroaches (D:3)
  6 goblins
  3 hobgoblins
  5 jackals
  5 kobolds
  3 quokkas
  2 bats
  8 rats
79 creatures vanquished.

Notes
Turn   | Place    | Note
-------+----------+-------------------------------------------
     0 | D:1      | zero the Deep Elf Ice Elementalist began the quest for the
                  | Orb.
     0 | D:1      | Reached XP level 1. HP: 10/10 MP: 6/6
   323 | D:1      | Reached skill level 4 in Spellcasting
   323 | D:1      | Reached XP level 2. HP: 15/15 MP: 6/9
   854 | D:1      | Reached XP level 3. HP: 19/19 MP: 9/11
   858 | D:1      | Learned a level 3 spell: Frozen Ramparts
  1008 | D:2      | Reached skill level 5 in Spellcasting
  1372 | D:2      | Found a runed translucent door.
  1373 | D:2      | Noticed Crazy Yiuf
  1526 | D:2      | Reached skill level 6 in Spellcasting
  1526 | D:2      | Reached XP level 4. HP: 14/24 MP: 10/14
  2208 | D:3      | Reached skill level 7 in Spellcasting
  2208 | D:3      | Reached XP level 5. HP: 14/28 MP: 13/16
  2548 | D:3      | Noticed Jessica
  2555 | D:3      | Killed Jessica
  3090 | D:4      | Reached XP level 6. HP: 12/32 MP: 16/18
  3453 | D:4      | Reached skill level 5 in Stealth
  3453 | D:4      | Reached skill level 8 in Spellcasting
  3617 | D:4      | Noticed Menkaure
  3734 | D:4      | Learned a level 4 spell: Summon Ice Beast
  3740 | D:4      | Learned a level 5 spell: Freezing Cloud
  3744 | D:4      | Learned a level 3 spell: Stone Arrow
  3791 | D:4      | Slain by an orc

Illustrated notes

Levels and vault maps discovered:
D:1:      lemuel_arrival_funnel, layout_loops_ring, minmay_pentomino_v4
D:2:      layout_basic, minmay_crystal_room, uniq_crazy_yiuf_cottage
D:3:      layout_loops_ring, uniq_jessica
D:4:      layout_gridville, uniq_menkaure

Skill      XL: |  1  2  3  4  5  6 |
---------------+-------------------+-----
Spellcasting   | 4 6 7 8 |  8.7
Stealth        | 4 5 |  5.0
Dodging        | |  2.5
Conjurations   | |  0.3
Summonings     | |  0.2
Ice Magic      | |  4.4
Earth Magic    | |  0.1

Action                     |  1- 3 |  4- 6 || total
---------------------------+-------+-------++-------
  Melee: Dagger            |    31 |    62 ||    93
   Cast: Freeze            |    39 |    20 ||    59
         Frozen Ramparts   |     1 |    11 ||    12
    Use: Scroll            |       |     6 ||     6
   Stab: Sleeping          |     2 |     4 ||     6
 Armour: Robe              |    11 |    10 ||    21
  Dodge: Dodged            |    41 |    46 ||    87

Table legend: (Time is in decaauts)
 A = Elapsed time spent in this place.
 B = Non-inter-level travel time spent in this place.
 C = Inter-level travel time spent in this place.
 D = Time resting spent in this place.
 E = Time spent auto-exploring this place.
 F = Levels seen in this place.
 G = Mean time per level.
                   A        B        C        D        E       F      G
               +--------+--------+--------+--------+--------+-----+--------+
         Total |   3789 |   3679 |    110 |   1159 |   2032 |   4 |  947.2 |
       Dungeon |   3789 |   3679 |    110 |   1159 |   2032 |   4 |  947.2 |
               +--------+--------+--------+--------+--------+-----+--------+

Top non-repeatable levels by time:
     D:1: 968 daAuts
     D:4: 957 daAuts
     D:3: 935 daAuts
     D:2: 927 daAuts
